 Dungeon Crawl Stone Soup version 0.31-a0-1576-ga3383bade6 (webtiles) character file.

Game seed: 8887026601438662920

2602 Atlas the Thaumaturge (level 9, 0/63 HPs)
             Began as a Demonspawn Fire Elementalist on Jan 4, 2024.
             Succumbed to a killer bee's poison
             ... on level 6 of the Dungeon.
             The game lasted 00:07:07 (5789 turns).

Atlas the Thaumaturge (DsFE)                        Turns: 5789, Time: 00:07:08

Health: 0/63       AC:  6    Str:  9    XL:     9   Next: 33%
Magic:  21/21      EV: 12    Int: 23    God:
Gold:   379        SH:  0    Dex: 14    Spells: 21/24 levels left

rFire   + + .        n - +2 short sword (drain)
rCold   . . .        (no shield)
rNeg    . . .        h - +2 leather armour {rF+}
rPois   .            (no helmet)
rElec   .            (no cloak)
rCorr   .            (no gloves)
SInv    .            u - +0 pair of boots
Will    .....        f - amulet of magic regeneration
Stlth   ++           y - ring of protection from fire
HPRegen 0.30/turn    (no ring)
MPRegen 0.57/turn

%: no passive effects
@: brilliant, lethally poisoned (0 -> -5), hasted, very quick
A: robust 1, spiny 1, big brain 2, demonic touch 1
a: no special abilities


You were on level 6 of the Dungeon.
You visited 2 branches of the dungeon, and saw 8 of its levels.

You collected 379 gold pieces.

Inventory:

Hand Weapons
 n - a +2 short sword of draining (weapon)
Armour
 h - a +2 leather armour of fire resistance (worn)
 u - a +0 pair of boots (worn)
Jewellery
 f - an amulet of magic regeneration (around neck)
 r - an amulet of regeneration
 y - a ring of protection from fire (left hand)
 G - an amulet of faith
Wands
 v - a wand of paralysis (11)
Scrolls
 c - a scroll of torment {unknown}
 d - 5 scrolls of identify {unknown}
 e - a scroll of butterflies {unknown}
 i - a scroll of vulnerability {unknown}
 k - a scroll of teleportation {unknown}
 l - a scroll of immolation {unknown}
 o - 2 scrolls of enchant armour {unknown}
 p - a scroll of revelation {unknown}
 q - 4 scrolls of enchant weapon {unknown}
 s - a scroll of silence {unknown}
 t - a scroll of amnesia {unknown}
 B - 3 scrolls of noise {unknown}
 F - a scroll of fog {unknown}
 H - 2 scrolls of blinking {unknown}
Potions
 a - 2 potions of haste
 b - 4 potions of magic
 g - a potion of brilliance
 j - a potion of enlightenment {unknown}
 m - a potion of cancellation {unknown}
 w - a potion of attraction {unknown}
 z - 2 potions of curing {unknown}
 A - a potion of resistance {unknown}
 C - a potion of mutation {unknown}
 D - a potion of degeneration {unknown}
 E - a potion of invisibility {unknown}
Miscellaneous
 x - a lightning rod (4/4)


   Skills:
 + Level 0.3 Fighting
 + Level 0.8 Short Blades
 + Level 2.4 Armour
 + Level 2.2 Dodging
 - Level 2.0 Stealth
 + Level 0.1 Unarmed Combat
 + Level 8.2 Spellcasting
 + Level 4.2 Conjurations
 + Level 7.2 Fire Magic


You had 21 spell levels left.
You knew the following spells:

 Your Spells              Type           Power      Damage    Failure   Level
a - Scorch                Fire           100%       2d9       1%          2
b - Foxfire               Conj/Fire      100%       2x1d9     1%          1

Your spell library contained the following spells:

 Spells                   Type           Power      Damage    Failure   Level
 Shock                    Conj/Air       100%       1d9       3%          1
 Inner Flame              Hex/Fire       39%        N/A       6%          3
 Volatile Blastmotes      Fire/Tloc      78%        2d16      6%          3
 Flame Wave               Conj/Fire      52%        2d13      9%          4
 Apportation              Tloc           28%        N/A       10%         1
 Cigotuvi's Dreadful Rot  Necr/Alch/Air  28%        N/A       14%         2
 Ensorcelled Hibernation  Hex/Ice        28%        N/A       14%         2
 Jinxbite                 Hex            28%        N/A       14%         2
 Fugue of the Fallen      Necr           14%        N/A       28%         3
 Anguish                  Hex/Necr       7%         N/A       67%         4
 Dispel Undead            Necr           14%        3d10      67%         4
 Martyr's Knell           Necr/Summ      14%        N/A       67%         4
 Irradiate                Conj/Alch      14%        3d16      71%         5
 Alistair's Intoxication  Alch           9%         N/A       95%         5
 Death Channel            Necr           7%         N/A       100%        6
 Ignition                 Fire           29%        3d9       100%        8


Dungeon Overview and Level Annotations

Branches:
Dungeon (7/15)             Temple (1/1) D:6

Altars:
Ashenzari
Fedhas
Gozag
Kikubaaqudgha
Nemelex Xobeh
Okawaru
Ru
Sif Muna
Uskayaw
Wu Jian
Xom
Yredelemnul

Shops:
D:2 [   D:5 ((*[

Annotations:
D:4 2 runed translucent doors


Innate Abilities, Weirdness & Mutations

You are robust. (+10% HP)
You are partially covered in sharp spines.
You have an extremely huge brain. (Int +4)
Your touch may inflict minor irresistible damage on your foes.


Message History

The killer bee attacks as it pursues you!
The killer bee closely misses you.
The killer bee stings you but does no damage.
The killer bee is struck by your spines.
The killer bee stings you.
You are poisoned.
The killer bee poisons you!
You feel very sick.
The killer bee is struck by your spines.
The killer bee stings you.
You are more poisoned.
The killer bee poisons you!
A killer bee comes into view.
You feel very sick. The killer bee stings you.
You are more poisoned.
The killer bee poisons you!
You feel very sick.
You feel very sick.
The killer bee buzzes angrily. x2
There is a stone staircase leading up here.
You feel very sick.
The killer bee is struck by your spines.
The killer bee stings you!
* * * LOW HITPOINT WARNING * * *
The killer bee is struck by your spines.
You kill the killer bee!
The killer bee stings you but does no damage.
You climb upwards.
* * * LOW HITPOINT WARNING * * *
You feel very sick.
There is a stone staircase leading down here.
It was a potion of haste.
You feel yourself speed up.
* * * LOW HITPOINT WARNING * * *
You feel sick. The killer bee stings you.
* * * LOW HITPOINT WARNING * * *
The killer bee stings you but does no damage.
It was a potion of brilliance.
You feel clever all of a sudden.
You die...

..#..##.##..##..##..#............
..##'##.##..##..##..#[...........
..#......#..........#............
..#......#..........#............
..#......#..........#....#######+
..#......#..........#....#.......
..#......#..#########....#.......
..###########............#..##...
................@........#####...
................y....<...#...#...
.........................#...#...
.........................#..##..#
.............#####+##....#..##..#
..####+#.##+#...'...#....'...#...
..#.............#...#....#...'...
..'....##...##..#...#....#...#...
..#....##...##..#####....#####.##


You could see a killer bee.

Vanquished Creatures
  A steam dragon (D:7)
  Menkaure (D:4)
  2 sky beasts
  3 ice beasts (D:6)
  5 ogres
  A centaur (D:5)
  3 phantoms
  2 kobold brigands
  A bullfrog (D:5)
  6 scorpions
  A killer bee (D:7)
  2 bombardier beetles
  A jelly (D:4)
  2 hounds
  3 orc priests
  2 iguanas
  2 sleepcaps (D:4)
  A gnoll (D:7)
  4 adders
  3 white imps
  4 ufetubi
  A ribbon worm (D:2)
  4 dart slugs
  14 orcs
  10 ball pythons
  8 endoplasms
  6 giant cockroaches
  12 goblins
  13 hobgoblins
  3 jackals (D:1)
  A quokka (D:1)
  6 bats
  4 frilled lizards
  10 kobolds
  7 rats
149 creatures vanquished.

Vanquished Creatures (collateral kills)
  A foxfire (D:2)
1 creature vanquished.

Vanquished Creatures (others)
  431 foxfires
431 creatures vanquished.

Grand Total: 581 creatures vanquished

Notes
Turn   | Place    | Note
-------+----------+-------------------------------------------
     0 | D:1      | Atlas the Demonspawn Fire Elementalist began the quest for
                  | the Orb.
     0 | D:1      | Reached XP level 1. HP: 13/13 MP: 3/3
   333 | D:1      | Gained mutation: You have an unusually large brain. (Int
                  | +2) [demonic ancestry]
   333 | D:1      | Reached XP level 2. HP: 19/19 MP: 1/5
   391 | D:1      | Learned a level 2 spell: Scorch
   932 | D:1      | Gained mutation: You are partially covered in sharp spines.
                  | [demonic ancestry]
   932 | D:1      | Reached XP level 3. HP: 24/24 MP: 3/6
  1748 | D:2      | Found Waiqiwa's Antique Armour Shop.
  1765 | D:2      | Found a faded altar of an unknown god.
  1794 | D:2      | Got Plato's Teachings on Electricity
  2125 | D:3      | Gained mutation: Your touch may inflict minor irresistible
                  | damage on your foes. [demonic ancestry]
  2125 | D:3      | Reached XP level 4. HP: 30/30 MP: 3/7
  2581 | D:4      | Noticed Menkaure
  2583 | D:4      | Noticed a phantom
  2594 | D:4      | Reached XP level 5. HP: 8/35 MP: 4/9
  2595 | D:4      | Killed Menkaure
  2596 | D:4      | Reached skill level 1 in Armour
  2596 | D:4      | Reached skill level 3 in Spellcasting
  2596 | D:4      | Gained mutation: You have an extremely huge brain. (Int +4)
                  | [demonic ancestry]
  2596 | D:4      | Reached XP level 6. HP: 8/41 MP: 5/11
  2773 | D:4      | Reached skill level 4 in Spellcasting
  3030 | D:4      | Reached XP level 7. HP: 46/46 MP: 8/13
  3065 | D:4      | You fall into a shaft and drop 1 floor!
  3065 | D:5      | Entered Level 5 of the Dungeon
  3080 | D:5      | Reached skill level 5 in Fire Magic
  3176 | D:5      | Reached skill level 5 in Spellcasting
  3450 | D:4      | Found a large runed translucent door.
  3450 | D:4      | Found a large runed translucent door.
  3494 | D:4      | Found a large runed translucent door.
  3494 | D:4      | Found a large runed translucent door.
  3499 | D:4      | Gained mutation: You are robust. (+10% HP) [demonic
                  | ancestry]
  3499 | D:4      | Reached XP level 8. HP: 46/57 MP: 12/16
  3556 | D:4      | Found an opulent altar of Gozag.
  3618 | D:4      | Reached skill level 6 in Spellcasting
  4344 | D:5      | Found Xirul's Weapon Emporium.
  4407 | D:5      | Found Fakalyec's Armour Shop.
  4474 | D:5      | Found Usecaqed's Antique Weapon Boutique.
  4580 | D:5      | Found Yzaranus's Assorted Antiques.
  4772 | D:6      | Reached skill level 7 in Spellcasting
  5008 | D:6      | Found a staircase to the Ecumenical Temple.
  5021 | Temple   | Entered the Ecumenical Temple
  5182 | D:6      | Reached XP level 9. HP: 41/63 MP: 13/20
  5759 | D:7      | Reached skill level 8 in Spellcasting
  5788 | D:6      | HP: 1/63 [killer bee (3)]
  5789 | D:6      | Succumbed to a killer bee's poison

Illustrated notes

Levels and vault maps discovered:
D:1:      eino_arrival_water_cross, layout_basic, solitary_fountain
D:2:      layout_loops_ring, shapermc_ecumenical_altar_rom_forum, serial_shops,
          shop, chequers_avenue
D:3:      layout_basic
D:4:      layout_basic, mainiacjoe_overflow_alcove_2,
          minmay_hollow_rounded_squares, uniq_menkaure
D:5:      layout_loops_ring, serial_shops, nicolae_take_the_stairs, shop,
          nicolae_shop_just_a_little_nook, shop
D:6:      layout_gridville, minmay_temple_entry_stoned_glass
D:7:      layout_cave_pools, nicolae_hepliaklqana_monster_ancestors
Temple:   compressed_dpeg_circular_temple

Skill      XL: |  1  2  3  4  5  6  7  8  9 |
---------------+----------------------------+-----
Fire Magic     | 3 4 5 6 7 |  7.2
Dodging        | 2 |  2.2
Stealth        | 2 |  2.0
Conjurations   | 2 3 4 |  4.2
Armour         | 1 2 |  2.4
Spellcasting   | 3 4 5 7 8 |  8.2
Fighting       | |  0.3
Short Blades   | |  0.8
Unarmed Combat | |  0.1

Action                     |  1- 3 |  4- 6 |  7- 9 || total
---------------------------+-------+-------+-------++-------
  Melee: Unarmed           |    17 |       |       ||    17
         Punch             |     1 |       |       ||     1
         Short sword       |       |     9 |    10 ||    19
         Touch             |       |     1 |     3 ||     4
   Cast: Foxfire           |   107 |    43 |    93 ||   243
         Scorch            |    15 |    18 |    72 ||   105
    Use: Potion            |       |     1 |     2 ||     3
   Stab: Sleeping          |     1 |       |     1 ||     2
 Armour: Leather armour    |    17 |    10 |    46 ||    73
         Robe              |     1 |       |       ||     1
  Dodge: Dodged            |    10 |     5 |    32 ||    47

Table legend: (Time is in decaauts)
 A = Elapsed time spent in this place.
 B = Non-inter-level travel time spent in this place.
 C = Inter-level travel time spent in this place.
 D = Time resting spent in this place.
 E = Time spent auto-exploring this place.
 F = Levels seen in this place.
 G = Mean time per level.
                   A        B        C        D        E       F      G
               +--------+--------+--------+--------+--------+-----+--------+
         Total |   5792 |   5512 |    280 |     63 |   4497 |   8 |  724.0 |
       Dungeon |   5708 |   5434 |    274 |     63 |   4497 |   7 |  815.4 |
        Temple |     83 |     77 |      6 |      0 |      0 |   1 |   83.0 |
               +--------+--------+--------+--------+--------+-----+--------+

Top non-repeatable levels by time:
     D:1: 1376 daAuts
     D:4: 1271 daAuts
     D:6: 863 daAuts
     D:5: 834 daAuts
     D:2: 720 daAuts
     D:3: 455 daAuts
     D:7: 186 daAuts
  Temple: 83 daAuts
